 Dungeon Crawl Stone Soup version 0.25.1-2-g60ff931df9 (webtiles) character file.

Game seed: 14245791476874514360

2659 Jaqob the Basher (level 9, 0/51 HPs)
             Began as a Gargoyle Fighter on Nov 12, 2020.
             Was an Initiate of Dithmenos.
             Slain by a hell knight
             ... wielding a +4 vorpal broad axe
              (1 damage)
             ... on level 1 of the Abyss.
             The game lasted 00:22:48 (5904 turns).

Jaqob the Basher (Gargoyle Fighter)                 Turns: 5904, Time: 00:22:49

Health: 0/51       AC: 20    Str: 23    XL:     9   Next: 63%
Magic:  9/9        EV:  4    Int:  9    God:    Dithmenos [......]
Gold:   319        SH: 15    Dex: 17    Spells: 8/8 levels left

rFire    . . .     SeeInvis .   p - +4 mace of Ashenzari's Supremacy {pain, Dex+2}
rCold    + . .     Gourm    .   c - +0 kite shield
rNeg     + . .     Faith    .   r - +0 plate armour
rPois    ∞         Spirit   .   (no helmet)
rElec    +         Reflect  +   u - +0 cloak
rCorr    .         Harm     .   (no gloves)
MR       .....                  s - +0 pair of boots
Stlth    ..........             k - amulet of reflection
HPRegen  0.17/turn              h - +6 ring of dexterity
MPRegen  0.11/turn              j - ring of protection from cold

@: mighty
A: mutation resistance 1, negative energy resistance 1, electricity resistance,
unbreathing, petrification resistance, rot immunity, AC +6
a: Renounce Religion


You were on level 1 of the Abyss.
You worshipped Dithmenos.
Dithmenos was noncommittal.
You were not hungry.

You visited 1 branch of the dungeon, and saw 6 of its levels.
You visited the Abyss 1 time.

You collected 319 gold pieces.

Inventory:

Hand Weapons
 a - a +1 flail
 p - the +4 mace of Ashenzari's Supremacy (weapon) {pain, Dex+2}
   (You found it on level 4 of the Dungeon)

   In the hands of one skilled in necromantic magic, it inflicts extra damage on
   living creatures.
   It affects your dexterity (+2).
Missiles
 n - 4 silver boomerangs (quivered)
Armour
 b - a +0 scale mail
 c - a +0 kite shield (worn)
 r - a +0 plate armour (worn)
 s - a +0 pair of boots (worn)
 u - a +0 cloak (worn)
Jewellery
 h - a +6 ring of dexterity (left hand)
 j - a ring of protection from cold (right hand)
 k - an amulet of reflection (around neck)
Wands
 g - a wand of random effects (7)
 m - a wand of polymorph (3)
Scrolls
 e - a scroll of magic mapping
 i - 3 scrolls of remove curse
 v - a scroll of fog {unknown}
 x - a scroll of enchant weapon
 y - a scroll of random uselessness {unknown}
 A - a scroll of amnesia {unknown}
 C - a scroll of torment {unknown}
Potions
 l - 3 potions of flight
 o - 2 potions of degeneration
 q - 2 potions of haste
 B - a potion of resistance
Comestibles
 f - 12 rations


   Skills:
 - Level 3.5 Fighting
 * Level 12.4 Maces & Flails
 - Level 3.5 Armour
 - Level 3.6 Shields


You had 8 spell levels left.
You didn't know any spells.
Your spell library was empty.

Dungeon Overview and Level Annotations

Branches:
Dungeon (6/15)
 Temple: D:4-7

Altars:
Dithmenos
Gozag
Hepliaklqana
Kikubaaqudgha
The Shining One

Annotations:
D:5 3 runed translucent doors, chimenez's ghost, novice BaSk
D:6 Maggie


Innate Abilities, Weirdness & Mutations

You are resistant to torment.
Your stone body is resilient. (AC +6)
You are immune to poison.
You resist negative energy. (rN+)
You are resistant to electric shocks. (rElec)
You can survive without breathing.
You are immune to petrification.
You are immune to rotting.
You are somewhat resistant to further mutation.


Message History

* * * LOW HITPOINT WARNING * * *
The raiju blinks!
You closely miss the raiju.
The hell knight shouts!
The raiju barks!
You hear a bark!
The raiju bursts into living lightning!
The living lightning hits you but does no damage.
The raiju blinks!
You closely miss the raiju. You block the raiju's attack.
You sock the raiju!
The raiju is moderately wounded.
You block the raiju's attack.
You barely miss the raiju.
The raiju is moderately wounded.
A raiju comes into view.
You sock the raiju!
The raiju is heavily wounded.
You block the raiju's attack.
The hell knight hits you with a +4 vorpal broad axe.
* * * LOW HITPOINT WARNING * * *
You die...

#.##.## # ...#
.#.. .##
##...#..#### #
#...#..#.##
#..##..##..#
#.....#.... .#
..#.##....## .
## .. .##@h# ..#
#........#p#. #
#....###....#.#
####.#.#.h.....
#####.h#..
..#.##.# ...
.....#.##h# ..
.###...#h..# .
##......###...##
##....## .....


You could see a hell knight and 3 raiju.

Vanquished Creatures
  A thrashing horror (Abyss:1)
  Grinder (D:4)
  Sigmund (D:4)
  Menkaure (D:4)
  A neqoxec (Abyss:1)
  A sky beast (D:6)
  A small abomination (Abyss:1)
  2 phantoms
  A centaur (D:6)
  A bullfrog (D:6)
  A scorpion (D:6)
  4 wights (D:6)
  2 howler monkeys (D:6)
  A bullfrog zombie (D:5)
  2 crimson imps (D:5)
  A jelly (Abyss:1)
  A hound (D:6)
  2 bullfrog skeletons
  A centaur skeleton (D:5)
  Natasha (twice) (D:3)
  2 iguanas (D:5)
  4 worker ants
  A hound skeleton (D:3)
  Robin (D:3)
  A howler monkey zombie (D:5)
  3 gnolls (D:5)
  7 adders
  A shadow imp (D:6)
  A worm (D:2)
  A dart slug (D:3)
  A leopard gecko (D:4)
  9 orcs
  2 bat zombies (D:6)
  5 giant cockroaches
  11 goblins
  12 hobgoblins
  2 jackals (D:1)
  14 kobolds
  3 quokkas
  5 ball pythons
  7 bats
  5 frilled lizards
  A leopard gecko skeleton (D:5)
  4 rats
  A rat zombie (D:6)
132 creatures vanquished.

Notes
Turn   | Place    | Note
-------+----------+-------------------------------------------
     0 | D:1      | Jaqob the Gargoyle Fighter began the quest for the Orb.
     0 | D:1      | Reached XP level 1. HP: 14/14 MP: 1/1
   364 | D:1      | Reached XP level 2. HP: 18/19 MP: 2/2
   859 | D:2      | Reached XP level 3. HP: 23/23 MP: 3/3
   975 | D:2      | Noticed a phantom
  1034 | D:2      | Killed a phantom
  1034 | D:2      | Reached skill level 4 in Maces & Flails
  1034 | D:2      | Reached XP level 4. HP: 11/28 MP: 4/4
  1037 | D:2      | Reached XP level 5. HP: 14/32 MP: 5/5
  1371 | D:2      | Found a faded altar of an unknown god.
  1754 | D:3      | Reached skill level 5 in Maces & Flails
  1873 | D:3      | Noticed Robin
  1879 | D:3      | Killed Robin
  2140 | D:3      | Noticed Natasha
  2145 | D:3      | Reached XP level 6. HP: 35/37 MP: 6/6
  2148 | D:3      | Killed Natasha
  2570 | D:3      | Noticed Natasha
  2583 | D:3      | Killed Natasha
  2583 | D:3      | Reached skill level 6 in Maces & Flails
  2984 | D:4      | Noticed Grinder
  3003 | D:4      | Killed Grinder
  3003 | D:4      | Reached skill level 7 in Maces & Flails
  3003 | D:4      | Reached XP level 7. HP: 27/41 MP: 7/7
  3123 | D:4      | Noticed Menkaure
  3145 | D:4      | Killed Menkaure
  3410 | D:4      | Found a glowing golden altar of the Shining One.
  3420 | D:4      | Got a crude mace
  3421 | D:4      | Identified the +4 mace of Ashenzari's Supremacy {pain,
                  | Dex+2} (You found it on level 4 of the Dungeon)
  3462 | D:4      | Reached skill level 8 in Maces & Flails
  3832 | D:4      | Noticed Sigmund
  3839 | D:4      | Killed Sigmund
  3839 | D:4      | Reached skill level 9 in Maces & Flails
  3839 | D:4      | Reached XP level 8. HP: 30/46 MP: 8/8
  4053 | D:5      | Entered Level 5 of the Dungeon
  4422 | D:5      | Found a runed translucent gate.
  4422 | D:5      | Found a runed translucent gate.
  4425 | D:5      | Found a runed translucent gate.
  4426 | D:5      | Found an opulent altar of Gozag.
  4428 | D:5      | Noticed chimenez's ghost (novice BaSk)
  4676 | D:5      | Found a shadowy altar of Dithmenos.
  4693 | D:5      | Found a hazy altar of Hepliaklqana.
  4885 | D:5      | Became a worshipper of Dithmenos the Shadowed
  4925 | D:6      | Reached skill level 10 in Maces & Flails
  5244 | D:6      | Reached skill level 11 in Maces & Flails
  5244 | D:6      | Reached XP level 9. HP: 51/51 MP: 9/9
  5323 | D:6      | Noticed Maggie
  5625 | D:6      | Gained mutation: You are somewhat resistant to further
                  | mutation. [potion of mutation]
  5677 | D:6      | Found an ancient bone altar of Kikubaaqudgha.
  5758 | D:6      | Cast into level 1 of the Abyss (Maggie)
  5854 | Abyss:1  | Noticed a thrashing horror
  5884 | Abyss:1  | Killed a thrashing horror
  5884 | Abyss:1  | Reached skill level 12 in Maces & Flails
  5899 | Abyss:1  | Noticed a hell knight
  5904 | Abyss:1  | HP: 1/51 [hell knight/+4 vorpal broad axe (3)]
  5904 | Abyss:1  | Slain by a hell knight

Illustrated notes

Levels and vault maps discovered:
D:1:      scummos_arrival_gate, layout_basic, minmay_tromino_i2
D:2:      layout_basic, chequers_ecumenical_altar_grove
D:3:      kennysheep_big_flooded_room, layout_loops_ring,
          minmay_fractal_squares_5, uniq_robin, uniq_natasha
D:4:      layout_loops_corners, tso_oasis_becter, uniq_sigmund, uniq_menkaure,
          uniq_grinder
D:5:      layout_rooms, old_standard_altar, grunt_dithmenos_smoke,
          ebering_ghost_gozag, first_ration
D:6:      layout_loops_ring, lemuel_zombie_altar_kikubaaqudgha,
          chei_slow_surprise, uniq_maggie
Abyss:1:  base:
D:1

Skill      XL: |  1  2  3  4  5  6  7  8  9 |
---------------+----------------------------+-----
Maces & Flails | 4 5 7 9 11 12 | 12.4
Fighting       | |  3.5
Armour         | |  3.5
Shields        | |  3.6

Action                   |  1- 3 |  4- 6 |  7- 9 || total
-------------------------+-------+-------+-------++-------
Melee: Flail             |   104 |   203 |    12 ||   319
       Mace              |       |       |   272 ||   272
       Unarmed           |       |       |     3 ||     3
Evoke: Wand              |       |       |     2 ||     2
  Use: Scroll            |       |     6 |     6 ||    12
       Potion            |       |       |     4 ||     4
  Eat: Chunk             |       |     3 |     1 ||     4
       Ration            |       |     2 |     2 ||     4
Armor: Scale mail        |    48 |   118 |     4 ||   170
       Plate armour      |       |       |   154 ||   154
       Skin              |       |       |     2 ||     2
Dodge: Dodged            |    38 |    65 |    45 ||   148
Block: Kite shield       |    53 |   124 |   151 ||   328
